 Dungeon Crawl Stone Soup version 0.26-a0-863-g3bff4b215c (webtiles) character file.

Game seed: 1695166731379696056

8295 miscthings the Ogre Mage (level 11, -1/105 HPs)
             Began as an Ogre Fire Elementalist on Nov 25, 2020.
             Was a Priest of Okawaru.
             Slain by a wraith (7 damage)
             ... on level 10 of the Dungeon.
             The game lasted 00:31:53 (11898 turns).

miscthings the Ogre Mage (Ogre Fire Elementalist)  Turns: 11898, Time: 00:31:54

Health: -1/105     AC:  5    Str: 20      XL:     11   Next: 28%
Magic:  1/24       EV:  9    Int: 19      God:    Okawaru [***...]
Gold:   417        SH:  0    Dex:  8 (9)  Spells: 9/29 levels left

rFire    + . .     SeeInvis .   L - +7 halberd (curse)
rCold    . . .     Faith    .   (shield currently unavailable)
rNeg     . . .     Spirit   .   N - +0 troll leather armour
rPois    .         Reflect  .   (helmet restricted)
rElec    .         Harm     .   (no cloak)
rCorr    +         Rampage  .   (gloves unavailable)
MR       ++...                  (boots unavailable)
Stlth    +.........             (no amulet)
HPRegen  0.67/turn              C - ring "Xupsaoq" {rF+ MR+ rCorr}
MPRegen  0.19/turn              G - +6 ring of strength

@: lethally poisoned (-1 -> -1), slowed, drained, very slow
A: large, unfitting armour, tough skin 1
a: Heroism, Renounce Religion


You were on level 10 of the Dungeon.
You worshipped Okawaru.
Okawaru was most pleased with you.
You visited 2 branches of the dungeon, and saw 11 of its levels.
You also visited: Ossuary.

You collected 577 gold pieces.
You spent 160 gold pieces at shops.

Inventory:

Hand Weapons
 L - a cursed +7 halberd (weapon)
 O - a cursed +3 hand axe of freezing
Missiles
 j - a throwing net (quivered)
Armour
 N - a +0 troll leather armour (worn)
Jewellery
 l - an uncursed ring of flight
 C - the ring "Xupsaoq" (left hand) {rF+ MR+ rCorr}
   (You found it on level 5 of the Dungeon)

   [ring of resist corrosion]

   It protects you from fire.
   It affects your resistance to hostile enchantments.
   It provides partial protection from all sources of acid and corrosion.
 E - an uncursed ring of ice
 G - a +6 ring of strength (right hand)
 I - an uncursed ring of protection from cold
Wands
 f - a wand of paralysis (16)
 n - a wand of polymorph (3)
 o - a wand of flame (8)
 v - a wand of acid (6)
 x - a wand of iceblast (7)
 F - a wand of random effects (16)
Scrolls
 c - 2 scrolls of magic mapping
 e - a scroll of enchant armour {unknown}
 h - 5 scrolls of teleportation
 m - 2 scrolls of remove curse
 r - 2 scrolls of fog
 u - a scroll of enchant weapon
 w - a scroll of fear {unknown}
 y - a scroll of amnesia {unknown}
 K - a scroll of immolation
 M - 2 scrolls of identify {@r1}
Potions
 a - a potion of resistance {unknown}
 b - 6 potions of heal wounds
 g - 2 potions of curing
 i - 2 potions of ambrosia
 k - 4 potions of haste
 p - 2 potions of might
 q - a potion of attraction
 s - a potion of flight {unknown}
 z - 3 potions of brilliance
 A - a potion of mutation
 B - a potion of invisibility {unknown}
 D - 2 potions of berserk rage
 H - 3 potions of cancellation {unknown}


   Skills:
 - Level 6.0(5.1) Fighting
 + Level 4.3(3.5) Axes
 - Level 4.0(3.1) Throwing
 - Level 1.7(0.9) Dodging
 - Level 1.4(0.6) Stealth
 + Level 9.9(8.9) Spellcasting
 - Level 5.0(4.1) Conjurations
 - Level 2.0(1.2) Hexes
 + Level 7.6(6.7) Fire Magic
 + Level 1.4(0.6) Air Magic
 + Level 1.4(0.6) Poison Magic
 * Level 6.0(5.1) Evocations


You had 9 spell levels left.
You knew the following spells:

 Your Spells              Type           Power        Failure   Level
a - Foxfire               Conj/Fire      ####         1%          1
b - Conjure Flame         Conj/Fire      ####....     3%          3
c - Inner Flame           Hex/Fire       ###.....     6%          3
d - Fireball              Conj/Fire      ####......   28%         5
f - Sticky Flame          Conj/Fire      ####....     11%         4
g - Apportation           Tloc           #.....       10%         1
z - Mephitic Cloud        Conj/Pois/Air  ###.....     14%         3

Your spell library contained the following spells:

 Spells                   Type           Power        Failure   Level
 Corona                   Hex            ##.....      6%          1
 Sting                    Tmut/Pois      #...         9%          1
 Animate Skeleton         Necr           #.....       10%         1
 Summon Small Mammal      Summ           #...         10%         1
 Ignite Poison            Fire/Tmut/Pois ###.....     11%         3
 Poisonous Vapours        Pois/Air       ##....       12%         2
 Leda's Liquefaction      Hex/Erth       ##........   58%         4
 Olgreb's Toxic Radiance  Pois           ##......     58%         4
 Summon Mana Viper        Hex/Summ       ##......     91%         5
 Lee's Rapid Deconstruct  Erth           #.........   95%         5
 Summon Demon             Summ           #.........   95%         5


Dungeon Overview and Level Annotations

Branches:
Dungeon (10/15)            Temple (1/1) D:6            Lair (0/6) D:9
    Orc (0/2) D:9         Ossuary (visited)

Altars:
Ashenzari
Cheibriados
Dithmenos
Elyvilon
Fedhas
Gozag
Hepliaklqana
Kikubaaqudgha
Makhleb
Nemelex Xobeh
Okawaru
Qazlal
Ru
Sif Muna
Trog
Uskayaw
Vehumet
Wu Jian
Xom
Yredelemnul
Zin
The Shining One
Beogh

Shops:
D:4 *   D:7 }


Innate Abilities, Weirdness & Mutations

You are too large for most types of armour.
You have tough skin. (AC +1)


Message History

The acid corrodes the centaur warrior skeleton!
The centaur warrior skeleton is heavily damaged.
You feel sick. The wraith hits you.
* * * LOW HITPOINT WARNING * * *
The wraith drains your vigour!
You feel as though you will be slow longer.
Evoke which item? (* to show all) (? for menu, Esc to quit)
Aiming: Corrosive Bolt
Press: ? - help, Shift-Dir - straight line, f/p - centaur warrior skeleton
Aim: a centaur warrior skeleton (heavily damaged, covered in acid, 0% to evade)
The bolt of acid hits the wraith!
The wraith is splashed with acid.
The acid corrodes the wraith!
The wraith is severely damaged.
The bolt of acid hits the centaur warrior skeleton!
The centaur warrior skeleton is splashed with acid.
The centaur warrior skeleton is severely damaged.
The wraith hits you!
* * * LOW HITPOINT WARNING * * *
The wraith hits you!
You die...

# #...# .
#...####
.#...)).#
#.....##.#
####..##.#
####..##.####
.......Z#...#
##.#.###W##.#
#.#.# #@# # #
#.# #.# #.#
..# ###


You could see a wraith (corroded) and a centaur warrior skeleton (corroded).

Vanquished Creatures
  A two-headed ogre (D:9)
  A death yak (D:9)
  An unseen horror (D:10)
  A troll (D:9)
  A wyvern (D:10)
  2 yaks
  2 water moccasins
  10 orc warriors
  2 sky beasts
  3 black bears
  A phantom (D:9)
  2 ice beasts
  2 centaurs
  5 ogres
  A big kobold (D:7)
  A bullfrog (D:8)
  A wyvern zombie (D:10)
  An elf skeleton (D:5)
  An elf zombie (Ossuary)
  A scorpion (D:3)
  15 killer bees
  11 wights
  5 howler monkeys (D:9)
  4 centaur zombies
  2 jellies (D:6)
  A quasit (D:10)
  A bullfrog zombie (D:6)
  2 human zombies
  12 orc priests
  5 hounds
  2 bullfrog skeletons
  A human skeleton (D:5)
  3 iguanas
  8 orc wizards
  5 worker ants
  2 big kobold zombies (Ossuary)
  A hound zombie (D:7)
  A hound skeleton (D:7)
  2 mummies (Ossuary)
  Robin (D:3)
  A worker ant zombie (D:9)
  6 gnolls
  11 adders
  A shadow imp (D:7)
  3 white imps
  3 ufetubi
  An ooze (D:5)
  2 adder zombies (Ossuary)
  An adder skeleton (D:8)
  3 worms
  A dart slug (D:2)
  8 leopard geckos
  59 orcs
  10 bats
  3 giant cockroaches
  15 goblins
  12 hobgoblins
  13 jackals
  13 kobolds
  7 quokkas
  4 frilled lizards
  2 goblin zombies (Ossuary)
  8 hobgoblin zombies (Ossuary)
  11 kobold zombies (Ossuary)
  2 orc skeletons (D:5)
  8 orc zombies
  A quokka skeleton (D:5)
  8 rats
341 creatures vanquished.

Vanquished Creatures (others)
  An orc (D:9)
  1151 foxfires
1152 creatures vanquished.

Grand Total: 1493 creatures vanquished

Notes
Turn   | Place    | Note
-------+----------+-------------------------------------------
     0 | D:1      | miscthings the Ogre Fire Elementalist began the quest for
                  | the Orb.
     0 | D:1      | Reached XP level 1. HP: 16/16 MP: 3/3
    41 | D:1      | Reached skill level 1 in Conjurations
   184 | D:1      | Reached XP level 2. HP: 21/24 MP: 2/5
   818 | D:2      | Reached skill level 3 in Spellcasting
   818 | D:2      | Reached XP level 3. HP: 31/31 MP: 2/7
  1300 | D:2      | Reached XP level 4. HP: 37/39 MP: 0/9
  1738 | D:3      | Reached XP level 5. HP: 41/45 MP: 1/10
  1744 | D:3      | Learned a level 3 spell: Conjure Flame
  1750 | D:3      | Learned a level 3 spell: Inner Flame
  1960 | D:3      | Found a sacrificial altar of Ru.
  2091 | D:3      | Reached skill level 4 in Spellcasting
  2092 | D:3      | Noticed Robin
  2152 | D:3      | Killed Robin
  2534 | D:4      | Found Bygrecsue's Assorted Antiques.
  2547 | D:4      | Reached XP level 6. HP: 53/53 MP: 7/12
  2638 | D:4      | Found a shimmering blue altar of Sif Muna.
  3596 | D:4      | Reached skill level 1 in Throwing
  3639 | D:5      | Entered Level 5 of the Dungeon
  3776 | D:5      | Found a broken altar of Ashenzari.
  3850 | D:5      | Reached XP level 7. HP: 38/59 MP: 9/14
  3859 | D:5      | Found a radiant altar of Vehumet.
  4054 | D:5      | Reached skill level 5 in Spellcasting
  4116 | D:5      | Found a sand-covered staircase.
  4127 | Ossuary  | Entered an ossuary
  4780 | Ossuary  | Reached skill level 5 in Fire Magic
  4828 | Ossuary  | Reached XP level 8. HP: 23/67 MP: 0/16
  5260 | D:5      | Reached skill level 6 in Spellcasting
  5299 | D:5      | Got a fine ivory ring
  5305 | D:5      | Identified the ring "Xupsaoq" {rF+ MR+ rCorr} (You found it
                  | on level 5 of the Dungeon)
  5722 | D:6      | Found a staircase to the Ecumenical Temple.
  5732 | Temple   | Entered the Ecumenical Temple
  6040 | D:4      | Bought a scroll labelled UTINODGH CEYT LURR for 32 gold
                  | pieces
  6040 | D:4      | Bought a fluorescent wand for 128 gold pieces
  6264 | D:6      | Reached skill level 7 in Spellcasting
  6460 | D:7      | Reached skill level 8 in Spellcasting
  6473 | D:7      | Reached skill level 1 in Fighting
  6473 | D:7      | Reached skill level 1 in Evocations
  6473 | D:7      | Reached XP level 9. HP: 56/76 MP: 5/21
  6956 | D:7      | Found an iron altar of Okawaru.
  6961 | D:7      | Became a worshipper of Warmaster Okawaru
  7007 | D:7      | Found Dilusm's Gadget Shoppe.
  7292 | D:7      | Learned a level 4 spell: Sticky Flame
  7801 | D:7      | Found a glowing silver altar of Zin.
  7985 | D:8      | Reached skill level 1 in Axes
  7985 | D:8      | Reached skill level 1 in Hexes
  8678 | D:8      | Reached * piety under Okawaru
  8846 | D:8      | Reached XP level 10. HP: 65/92 MP: 16/22
  9699 | D:9      | Reached skill level 9 in Spellcasting
  9766 | D:9      | Found a roughly hewn altar of Beogh.
  9766 | D:9      | Found a staircase to the Orcish Mines.
  9815 | D:9      | Noticed a death yak
  9847 | D:9      | Noticed a death yak
 10159 | D:9      | Found a staircase to the Lair.
 10172 | D:9      | Noticed a two-headed ogre
 10197 | D:9      | Killed a two-headed ogre
 10197 | D:9      | Reached ** piety under Okawaru
 10198 | D:9      | Reached skill level 5 in Fighting
 10198 | D:9      | Reached skill level 5 in Conjurations
 10309 | D:9      | Killed a death yak
 10310 | D:9      | Reached skill level 5 in Evocations
 10632 | D:9      | Learned a level 5 spell: Fireball
 10635 | D:9      | Reached *** piety under Okawaru
 10652 | D:9      | Reached XP level 11. HP: 105/105 MP: 6/24
 10679 | D:9      | Learned a level 1 spell: Apportation
 10907 | D:9      | Learned a level 3 spell: Mephitic Cloud
 11128 | D:10     | Entered Level 10 of the Dungeon
 11137 | D:10     | Killed an unseen horror
 11181 | D:10     | Identified the Volume of Supportive Stones
 11498 | D:10     | Reached skill level 1 in Air Magic
 11498 | D:10     | Reached skill level 1 in Poison Magic
 11898 | D:10     | Slain by a wraith

Illustrated notes

Levels and vault maps discovered:
D:1:      zelgadis_glass_arrival_small, layout_loops_ring
D:2:      layout_basic, serial_curves, eino_curves_04, eino_curves_02,
          eino_curves_04, eino_curves_02
D:3:      layout_rooms, nicolae_ru_sacrificial_ziggurat, uniq_robin
D:4:      layout_basic, general_overflow_altar, serial_shops,
          nicolae_shop_temple_entry_statues_fountains, amethyst_killhole,
          chequers_serial_rivers_micro_c, grunt_tough_drop
D:5:      layout_cave_pools, overflow_temple_1_default,
          nicolae_ossuary_entry_catacombs, eino_small_chamber_without_monster,
          evilmike_ruin_ashenzari
D:6:      layout_cave_pools, temple_statues, chequers_arboretum
D:7:      kennysheep_spiral_hall, layout_rooms, okawaru_gym_becter,
          lemuel_round_altar, serial_shops,
          nicolae_shop_competitors_out_of_business
D:8:      layout_basic
D:9:      layout_loops_cross, dpeg_lair_monsters, david_orc_5,
          lemuel_flamethrower_2
D:10:     layout_loops_ring, grunt_decor_arrowhead
Temple:   dpeg_five_rooms_temple

Skill      XL: |  1  2  3  4  5  6  7  8  9 10 11 |
---------------+----------------------------------+-----
Conjurations   | 1 2 3 4 5 |  5.0
Fire Magic     | 3 4 5 6 7 |  7.6
Spellcasting   | 3 4 5 8 9 |  9.9
Throwing       | 1 3 4 |  4.0
Fighting       | 1 4 6 |  6.0
Evocations     | 1 3 5 6 |  6.0
Axes           | 1 3 4 |  4.3
Hexes          | 1 2 |  2.0
Air Magic      | 1 |  1.4
Poison Magic   | 1 |  1.4
Dodging        | |  1.7
Stealth        | |  1.4

Action                   |  1- 3 |  4- 6 |  7- 9 | 10-12 || total
-------------------------+-------+-------+-------+-------++-------
Melee: Unarmed           |     8 |       |       |       ||     8
       Dagger            |    15 |    65 |    70 |       ||   150
       Short sword       |       |       |    35 |       ||    35
       Halberd           |       |       |     9 |    56 ||    65
Throw: Dart              |       |     5 |     8 |     7 ||    20
 Cast: Foxfire           |    61 |   121 |   324 |   250 ||   756
       Conjure Flame     |       |     2 |     9 |       ||    11
       Inner Flame       |       |     1 |     2 |     1 ||     4
       Sticky Flame      |       |       |     3 |    22 ||    25
       Apportation       |       |       |       |     4 ||     4
Evoke: Wand              |       |       |     5 |     4 ||     9
  Use: Scroll            |       |     5 |    10 |     1 ||    16
       Potion            |       |     2 |     1 |     2 ||     5
 Stab: Sleeping          |       |     1 |       |       ||     1
       Paralysed         |       |       |    17 |       ||    17
Armor: Robe              |     8 |     9 |    27 |     5 ||    49
       Skin              |       |    13 |       |    74 ||    87
       Troll leather arm |       |       |       |    32 ||    32
Dodge: Dodged            |    15 |    40 |    82 |    80 ||   217

Table legend: (Time is in decaauts)
 A = Elapsed time spent in this place.
 B = Non-inter-level travel time spent in this place.
 C = Inter-level travel time spent in this place.
 D = Time resting spent in this place.
 E = Time spent auto-exploring this place.
 F = Levels seen in this place.
 G = Mean time per level.
                   A        B        C        D        E       F      G
               +--------+--------+--------+--------+--------+-----+--------+
         Total |  11879 |  11309 |    570 |   3928 |   4463 |  12 |  989.9 |
       Dungeon |  10845 |  10326 |    519 |   3475 |   4213 |  10 | 1084.5 |
        Temple |    242 |    191 |     51 |      0 |    172 |   1 |  242.0 |
       Ossuary |    792 |    792 |      0 |    453 |     78 |   1 |  792.0 |
               +--------+--------+--------+--------+--------+-----+--------+

Top non-repeatable levels by time:
     D:8: 1703 daAuts
     D:9: 1460 daAuts
     D:7: 1309 daAuts
     D:5: 1188 daAuts
     D:4: 1139 daAuts
     D:2: 970 daAuts
     D:1: 801 daAuts
 Ossuary: 792 daAuts
    D:10: 790 daAuts
     D:6: 745 daAuts
     D:3: 736 daAuts
  Temple: 242 daAuts
